 Dungeon Crawl Stone Soup version 0.28-a0-535-g6f645e4c1d (webtiles) character file.

Game seed: 9043467007457185371

1524 mjsherman the Spear-Bearer (level 8, -4/51 (60) HPs)
             Began as a Merfolk Gladiator on Sept 26, 2021.
             Slain by a wight (8 damage)
             ... on level 6 of the Dungeon.
             The game lasted 00:30:40 (6691 turns).

mjsherman the Spear-Bearer (Merfolk Gladiator)      Turns: 6691, Time: 00:30:41

HP:   -4/51 (60)    AC: 10    Str: 14    XL:     8   Next: 84%
MP:   0/8           EV: 12    Int:  8    God:
Gold: 141           SH:  9    Dex: 17    Spells: 7/7 levels left

rFire   . . .      SeeInvis .   t - +2 spear (venom)
rCold   . . .      Faith    .   n - +0 kite shield
rNeg    . . .      Spirit   +   D - +3 ring mail
rPois   +          Reflect  .   c - +0 helmet
rElec   .          Harm     .   j - scarf {repulsion}
rCorr   .          Rampage  .   e - +0 pair of gloves
Will    .....                   (no boots)
Stlth   +.........              i - amulet of guardian spirit
HPRegen 0.17/turn               x - ring of poison resistance
MPRegen 0.11/turn               (no ring)

@: silenced, heavily drained, repel missiles
A: (nimble swimmer 2), mertail
a: no special abilities


You were on level 6 of the Dungeon.
You visited 1 branch of the dungeon, and saw 6 of its levels.
You also visited: Ossuary.

You collected 261 gold pieces.
You spent 120 gold pieces at shops.

Inventory:

Hand Weapons
 a - a +0 trident
 g - a +0 vorpal hunting sling
 h - a +0 mace of holy wrath
 t - a +2 spear of venom (weapon)
Missiles
 v - a throwing net (quivered)
 w - 13 poisoned darts
 z - 36 sling bullets
Armour
 b - a +0 leather armour
 c - a +0 helmet (worn)
 e - a +0 pair of gloves (worn)
 j - a scarf of repulsion (worn)
 n - a +0 kite shield (worn)
 D - a +3 ring mail (worn)
Jewellery
 i - an amulet of guardian spirit (around neck)
 x - a ring of poison resistance (left hand)
Wands
 y - a wand of flame (8)
Scrolls
 f - a scroll of magic mapping
 p - a scroll of amnesia
 q - 2 scrolls of immolation
Potions
 d - 2 potions of attraction
 k - 3 potions of curing
 s - 2 potions of haste
 u - a potion of ambrosia
 A - a potion of resistance
 B - a potion of heal wounds


   Skills:
 + Level 4.3 Fighting
 + Level 0.1 Maces & Flails
 * Level 11.0 Polearms
 + Level 2.2 Throwing
 + Level 2.2 Armour
 * Level 7.4 Dodging
 + Level 2.6 Stealth
 + Level 2.9 Shields


You had 7 spell levels left.
You didn't know any spells.
Your spell library was empty.

Dungeon Overview and Level Annotations

Branches:
Dungeon (6/15)            Ossuary (visited)
 Temple: D:4-7

Altars:
Gozag
Trog
Zin

Shops:
D:3 *   D:6 *=[(

Annotations:
D:3 3 runed translucent doors, AttackTheMoon's ghost, amateur OpWn
D:6 1 runed translucent door, omnomnOMINOUS's ghost, amateur OpWn


Innate Abilities, Weirdness & Mutations

((You are quick and stealthy near water. (Stealth+, EV+, Speed+++)))
Your lower body shifts to a powerful aquatic tail in water.


Message History

You hit the wight.
The wight is almost destroyed.
The wight hits you from afar with a +0 halberd!
* * * LOW HITPOINT WARNING * * *
You hit the wight.
You destroy the wight!
The wight hits you with a +0 halberd.
* * * LOW HITPOINT WARNING * * *
Things that are here:
a +0 spear; a +0 robe You hit the wight.
The wight is moderately damaged.
You block the wight's attack.
You barely miss the wight.
The wight is moderately damaged.
The wight barely misses you.
You barely miss the wight.
The wight is moderately damaged.
The wight hits you but does no damage.
You closely miss the wight.
The wight is moderately damaged.
You hit the wight.
The wight is severely damaged.
The wight barely misses you.
You hit the wight but do no damage.
The wight is severely damaged.
The wight closely misses you.
You hit the wight but do no damage.
The wight is heavily damaged.
The wight hits you with a +0 halberd!
* * * LOW HITPOINT WARNING * * *
You closely miss the wight.
The wight is heavily damaged.
You hit the wight.
The wight is severely damaged.
The wight closely misses you.
As you read the scroll labelled QAYLOQO VADE, it crumbles to dust.
A profound silence engulfs you.
It was a scroll of silence.
The wight hits you with a +0 halberd!
You die...

##############
#...)g@z.....#
#.##########.#
#.# *,* #.#
*,* #.#
#######,* #.#
#.....#.# #.#
#.###.#.#
#.####.###.#.#
#.##.......#.#


You could see a wight (ally target) and a friendly gnoll (summoned).

Vanquished Creatures
  Grinder (D:4)
  2 black bears
  3 necrophages
  2 centaurs (D:6)
  Blork the orc (D:5)
  A bullfrog (D:6)
  A water moccasin skeleton (D:5)
  3 wights (D:6)
  A gnoll shaman (D:5)
  2 jellies
  2 hounds (D:4)
  4 iguanas
  3 gnolls (D:5)
  4 adders
  An ufetubus (D:5)
  4 worms
  3 dart slugs
  5 orcs
  3 endoplasms
  3 giant cockroaches
  9 hobgoblins
  3 jackals (D:3)
  7 quokkas
  8 ball pythons
  7 bats
  A frilled lizard (D:3)
  5 goblins
  5 kobolds
  9 rats
103 creatures vanquished.

Notes
Turn   | Place    | Note
-------+----------+-------------------------------------------
     0 | D:1      | mjsherman the Merfolk Gladiator began the quest for the
                  | Orb.
     0 | D:1      | Reached XP level 1. HP: 16/16 MP: 1/1
   273 | D:1      | Reached XP level 2. HP: 22/22 MP: 2/2
   799 | D:1      | Reached XP level 3. HP: 23/28 MP: 3/3
   819 | D:1      | Found a faded altar of an unknown god.
  1059 | D:2      | Reached skill level 5 in Polearms
  1832 | D:2      | Reached XP level 4. HP: 33/34 MP: 4/4
  2185 | D:3      | Reached skill level 5 in Dodging
  2349 | D:3      | Found a runed translucent gate.
  2350 | D:3      | Found a runed translucent gate.
  2351 | D:3      | Found a runed translucent gate.
  2352 | D:3      | Found an opulent altar of Gozag.
  2354 | D:3      | Noticed AttackTheMoon's ghost (amateur OpWn)
  2441 | D:3      | Found Jauh's General Store.
  3333 | D:4      | Reached skill level 6 in Polearms
  3333 | D:4      | Reached skill level 1 in Armour
  3333 | D:4      | Reached XP level 5. HP: 34/39 MP: 5/5
  3501 | D:4      | Noticed a black bear
  3514 | D:4      | Killed a black bear
  3515 | D:4      | Reached skill level 7 in Polearms
  3515 | D:4      | Reached skill level 1 in Stealth
  3586 | D:4      | Reached XP level 6. HP: 43/46 MP: 6/6
  3604 | D:4      | Noticed Grinder
  3623 | D:4      | Killed Grinder
  3624 | D:4      | Reached skill level 8 in Polearms
  3624 | D:4      | Reached XP level 7. HP: 39/52 MP: 7/7
  3854 | D:4      | Found a sand-covered staircase.
  3906 | Ossuary  | Entered an ossuary
  4119 | D:4      | Reached skill level 1 in Shields
  4695 | D:5      | Entered Level 5 of the Dungeon
  4728 | D:5      | Reached skill level 9 in Polearms
  5483 | D:5      | Noticed Blork the orc
  5498 | D:5      | Killed Blork the orc
  5499 | D:5      | Reached XP level 8. HP: 43/60 MP: 5/8
  5959 | D:6      | Reached skill level 10 in Polearms
  5995 | D:6      | Found a glowing silver altar of Zin.
  5997 | D:6      | Found a bloodstained altar of Trog.
  6394 | D:6      | Found Ownycev's Armour Shop.
  6395 | D:6      | Found Baziuseu's General Store.
  6398 | D:6      | Found Liemei's Jewellery Shop.
  6399 | D:6      | Found Uhymnen's Weapon Shop.
  6431 | D:6      | Bought a scarf of repulsion for 120 gold pieces
  6489 | D:6      | Found a runed translucent door.
  6490 | D:6      | Noticed a troll
  6490 | D:6      | Noticed omnomnOMINOUS's ghost (amateur OpWn)
  6651 | D:6      | Reached skill level 11 in Polearms
  6691 | D:6      | Slain by a wight

Illustrated notes

Levels and vault maps discovered:
D:1:      minmay_arrival_radiant_lines, layout_rooms,
          dreamdust_ecumenical_altar_angels_and_demons, minmay_pentomino_t2
D:2:      layout_loops_corners, st_stairs_13, amcnicky_mini_rare_corridor_liquid
D:3:      layout_basic, serial_shops, nicolae_shop_behind_doors,
          ebering_ghost_gozag, kennysheep_generic_room_15
D:4:      layout_layer_cave, chequers_ossuary_entry_cave, uniq_grinder
D:5:      layout_basic, uniq_blork_the_orc
D:6:      layout_loops_ring, mainiacjoe_overflow_catwalk_spiral,
          ebering_ghost_inner_flame, grunt_ministairs_11,
          minmay_misc_feat_roman, minmay_shop_grid_forest

Skill      XL: |  1  2  3  4  5  6  7  8 |
---------------+-------------------------+-----
Polearms       | 5 6 7 8 9 11 | 11.0
Dodging        | 5 6 7 |  7.4
Armour         | 1 2 |  2.2
Stealth        | 1 2 |  2.6
Fighting       | 3 4 |  4.3
Shields        | 1 2 |  2.9
Maces & Flails | |  0.1
Throwing       | |  2.2

Action                   |  1- 3 |  4- 6 |  7- 9 || total
-------------------------+-------+-------+-------++-------
Melee: Trident           |   141 |    81 |       ||   222
       Spear             |       |    31 |   204 ||   235
       Mace              |       |       |    34 ||    34
Throw: Throwing net      |       |     4 |       ||     4
  Use: Scroll            |       |       |    14 ||    14
       Potion            |       |       |     1 ||     1
 Stab: Sleeping          |     2 |       |       ||     2
       Held in net/web   |       |     2 |       ||     2
Armor: Leather armour    |    37 |    24 |    26 ||    87
       Ring mail         |       |       |    18 ||    18
Dodge: Dodged            |    97 |    61 |   111 ||   269
Block: Kite shield       |       |    22 |   100 ||   122

Table legend: (Time is in decaauts)
 A = Elapsed time spent in this place.
 B = Non-inter-level travel time spent in this place.
 C = Inter-level travel time spent in this place.
 D = Time resting spent in this place.
 E = Time spent auto-exploring this place.
 F = Levels seen in this place.
 G = Mean time per level.
                   A        B        C        D        E       F      G
               +--------+--------+--------+--------+--------+-----+--------+
         Total |   6713 |   6611 |    102 |    247 |   4802 |   7 |  959.0 |
       Dungeon |   6701 |   6599 |    102 |    247 |   4802 |   6 | 1116.8 |
       Ossuary |     11 |     11 |      0 |      0 |      0 |   1 |   11.0 |
               +--------+--------+--------+--------+--------+-----+--------+

Top non-repeatable levels by time:
     D:4: 1503 daAuts
     D:5: 1215 daAuts
     D:2: 1119 daAuts
     D:3: 1069 daAuts
     D:1: 1020 daAuts
     D:6: 773 daAuts
 Ossuary: 11 daAuts
